 Dungeon Crawl Stone Soup version 0.30.1 (webtiles) character file.

Game seed: 17196548696147048155

182 spardeous the Digger (level 5, -10/21 HPs)
             Began as a Felid Earth Elementalist on July 14, 2023.
             Mangled by a hornet (15 damage)
             ... while paralysed by a hornet
             ... on level 8 of the Dungeon.
             The game lasted 00:05:52 (2662 turns).

spardeous the Digger (Felid Earth Elementalist)     Turns: 2662, Time: 00:05:52

Health: -10/21     AC:  2    Str:  4    XL:     5   Next: 34%
Magic:  9/9        EV:  4    Int: 18    God:
Gold:   117        SH:  0    Dex: 17    Spells: 7/8 levels left
                                        Lives:  0   Deaths: 1

rFire   . . .        (weapon unavailable)
rCold   . . .        (shield unavailable)
rNeg    . . .        (body armour unavailable)
rPois   .            (helmet unavailable)
rElec   .            (cloak unavailable)
rCorr   .            (gloves unavailable)
SInv    +            (boots unavailable)
Will    .....        (no amulet)
Stlth   ++           (no ring)
HPRegen 0.23/turn    (no ring)
MPRegen 0.11/turn

%: no passive effects
@: paralysed, quick
A: very small, claws 1, fangs 3, see invisible, speed 1, shaggy fur 2, stealthy
paws, no weapons or thrown items, no armour, multi-lived
a: no special abilities


You were on level 8 of the Dungeon.
You visited 1 branch of the dungeon, and saw 6 of its levels.

You collected 117 gold pieces.

Inventory:

Wands
 l - a wand of quicksilver (11)
Scrolls
 c - 2 scrolls of amnesia {unknown}
 d - a scroll of magic mapping {unknown}
 f - 3 scrolls of identify {unknown}
 g - a scroll of immolation {unknown}
 i - a scroll of blinking {unknown}
 j - a scroll of poison {unknown}
 m - a scroll of teleportation {unknown}
Potions
 a - a potion of magic
 b - 3 potions of lignification {unknown}
 e - a potion of flight {unknown}
 h - a potion of attraction {unknown}
 k - a potion of curing {unknown}


   Skills:
 + Level 5.3 Dodging
 - Level 2.6 Stealth
 - Level 2.0 Spellcasting
 - Level 1.1 Transmutations
 + Level 5.7 Earth Magic


You had 7 spell levels left.
You knew the following spells:

 Your Spells              Type           Power      Damage    Failure   Level
a - Sandblast             Erth           44%        2d11      1%          1

Your spell library contained the following spells:

 Spells                   Type           Power      Damage    Failure   Level
 Passwall                 Tmut/Erth      11%        N/A       7%          2
 Beastly Appendage        Tmut           10%        N/A       12%         1
 Wereblood                Tmut           5%         N/A       17%         2
 Stone Arrow              Conj/Erth      24%        3d8       17%         3
 Spider Form              Tmut/Pois      3%         N/A       41%         3
 Petrify                  Tmut/Erth      14%        N/A       41%         4
 Dazzling Flash           Conj/Hex       2%         N/A       47%         3
 Summon Guardian Golem    Hex/Summ       1%         N/A       47%         3
 Tukima's Dance           Hex            1%         N/A       47%         3
 Volatile Blastmotes      Fire/Tloc      2%         2d10      47%         3
 Iskenderun's Mystic Bla  Conj/Tloc      1%         2d3       87%         4
 Blade Hands              Tmut           2%         N/A       97%         5
 Starburst                Conj/Fire      0%         6d3       100%        6
 Orb of Destruction       Conj           0%         9d5       100%        7
 Spellforged Servitor     Conj/Summ      0%         N/A       100%        7
 Portal Projectile        Hex/Tloc       Unusable   N/A       N/A         3

Dungeon Overview and Level Annotations

Branches:
Dungeon (5/15)
 Temple: D:4-7

Altars:

Shops:
D:2 ?

Annotations:
D:8 Pikel, Prince Ribbit


Innate Abilities, Weirdness & Mutations

You have sharp claws.
You have razor-sharp teeth.
You have supernaturally acute eyesight. (SInv)
You cover ground quickly. (Speed+)
You are covered in thick fur. (AC +2)
Your paws help you pounce on unaware monsters.
You are incapable of wielding weapons or throwing items.
You cannot wear armour.
You gain extra lives every three experience levels.


Message History

An ice beast comes into view.
Found 12 gold pieces.
The ice beast moves out of view.
Prince Ribbit hops awkwardly around.
Found a fizzy white potion.
You see here 12 gold pieces.
Casting: Sandblast (safe; 1% risk of failure)
Confirm with . or Enter, or press ? or * to list all spells.
Aiming: Sandblast (safe; 1% risk of failure)
Press: ? - help, Shift-Dir - straight line, f - Prince Ribbit
Aim: Prince Ribbit (70% to hit)
The blast of sand hits Prince Ribbit!
Prince Ribbit is moderately wounded.
Prince Ribbit hops awkwardly around.
Prince Ribbit hits you!
Ouch! That really hurt!
* * * LOW HITPOINT WARNING * * *
Prince Ribbit hits you.
* * * LOW HITPOINT WARNING * * *
Prince Ribbit attacks as you move away! Prince Ribbit misses you.
A two-headed ogre comes into view.
It is wielding two +0 giant spiked clubs.
The two-headed ogre shouts in stereo!
Prince Ribbit attacks as you move away! Prince Ribbit hits you!!
Ouch! That really hurt!
You die...
Prince Ribbit hits you!
You are now level 5!
You rejoin the land of the living...
Found 8 stones.
Found 10 gold pieces.
Found a stone staircase leading down and a stone staircase leading up.
A hornet comes into view.
Found 14 gold pieces.
Found a stone staircase leading up.
The hornet buzzes angrily.
You hear a shout!
The hornet stings you!
Ouch! That really hurt!
* * * LOW HITPOINT WARNING * * *
You suddenly lose the ability to move!
The hornet stings you!
Ouch! That really hurt!
You die...

###.##.........#
#.###....##.####
#...#...###....#
##.
#..............#
#..
##....##......##
#.##. #.....
#####..###.....
#......
##...#.......
.......
#..........$#
#####..
##...@.....#
##........>y#......
.##.#.#.###.<...
#.#.<.# .#..# #
..... . ## ..#...
#...#..# ...#####


You could see a hornet.

Vanquished Creatures
  3 wights (D:4)
  A hound (D:4)
  An orc priest (D:8)
  An orc wizard (D:8)
  An iguana (D:4)
  2 gnolls (D:3)
  2 worms
  2 dart slugs (D:1)
  5 orcs
  An endoplasm (D:1)
  A giant cockroach (D:4)
  2 goblins
  5 hobgoblins
  6 jackals
  6 kobolds
  2 quokkas (D:4)
  4 ball pythons
  6 bats
  2 frilled lizards
  4 rats
57 creatures vanquished.

Notes
Turn   | Place    | Note
-------+----------+-------------------------------------------
     0 | D:1      | spardeous the Felid Earth Elementalist began the quest for
                  | the Orb.
     0 | D:1      | Reached XP level 1. HP: 7/7 MP: 4/4
   148 | D:1      | Found a faded altar of an unknown god.
   155 | D:1      | Reached XP level 2. HP: 11/11 MP: 3/6
   543 | D:2      | Found Imupp's Magic Scroll Emporium.
   635 | D:2      | Reached XP level 3. HP: 14/14 MP: 5/7
  1329 | D:3      | Reached XP level 4. HP: 18/18 MP: 4/8
  2191 | D:5      | Entered Level 5 of the Dungeon
  2230 | D:4      | Reached skill level 5 in Earth Magic
  2230 | D:4      | Reached XP level 5. HP: 21/21 MP: 5/9
  2286 | D:4      | HP: 1/21 [hound (5)]
  2395 | D:4      | Reached skill level 5 in Dodging
  2395 | D:4      | Gained mutation: You are covered in thick fur. (AC +2)
                  | [Felid growth]
  2395 | D:4      | Reached XP level 6. HP: 24/24 MP: 3/10
  2483 | D:5      | You fall into a shaft and drop 3 floors!
  2585 | D:8      | Noticed Pikel
  2586 | D:8      | Noticed Prince Ribbit
  2618 | D:8      | Noticed an ice beast
  2631 | D:8      | HP: 1/24 [Prince Ribbit (6)]
  2632 | D:8      | Noticed a two-headed ogre
  2634 | D:8      | Demolished by Prince Ribbit
  2635 | D:8      | Reached XP level 5. HP: -17/21 MP: 9/9
  2660 | D:8      | Noticed a hornet
  2661 | D:8      | Paralysed by a hornet for 2 turns
  2662 | D:8      | Mangled by a hornet

Illustrated notes

Levels and vault maps discovered:
D:1:      amcnicky_arrival_single_pillar, layout_rooms,
          hellmonk_ecumenical_altar_crossroads, st_stairs_10
D:2:      minmay_wonky_spiral, layout_loops_ring, serial_shops, shop
D:3:      layout_basic, ebering_ghost_rock_garden, uniq_natasha
D:4:      layout_gridville
D:5:      layout_cave_pools, chequers_serial_rivers_large_b,
          hangedman_decor_riveting
D:8:      layout_cave_pools, uniq_pikel, uniq_prince_ribbit1

Skill      XL: |  1  2  3  4  5 |
---------------+----------------+-----
Earth Magic    | 3 4 5 |  5.7
Dodging        | 3 5 |  5.3
Stealth        | |  2.6
Spellcasting   | |  2.0
Transmutations | |  1.1

Action                     |  1- 3 |  4- 6 || total
---------------------------+-------+-------++-------
   Cast: Sandblast         |    63 |    56 ||   119
 Armour: Skin              |     2 |     1 ||     3
  Dodge: Dodged            |    18 |    29 ||    47
